 Dungeon Crawl Stone Soup version 0.19.0-20-gbc5f0c6 (webtiles) character file.

30463 JeffiDaFish the Blocker (level 13, -3/126 HPs)
             Began as a Gargoyle Fighter on Nov 17, 2016.
             Was a High Priest of Makhleb.
             Slain by a torpor snail (11 damage)
             ... on level 6 of the Lair of Beasts on Nov 18, 2016.
             The game lasted 00:56:20 (12735 turns).

JeffiDaFish the Blocker (Gargoyle Fighter)         Turns: 12735, Time: 00:56:20

Health: -3/126     AC: 31    Str: 28    XL:     13   Next: 51%
Magic:  15/15      EV: 10    Int: 14    God:    Makhleb [*****.]
Gold:   934        SH: 14    Dex: 14    Spells: 1 memorised, 12 levels left

rFire  + + .     SeeInvis +     a - +3 flail (freeze)
rCold  . . .     Gourm    .     u - +0 storm dragon scales
rNeg   + . .     Faith    .     c - +0 shield
rPois  ∞         Spirit   .     (no helmet)
rElec  +         Reflect  .     j - +2 cloak
rCorr  .         Harm     .     g - +0 pair of gloves of the Suburbs {Int+4 SInv}
MR     .....                    A - +1 pair of boots
Stlth  ..........               y - amulet of rage
                                l - +4 ring of dexterity
                                s - ring of Zucagalask {rF++ Str+2 SInv}

@: berserking, slowed
A: clumsy 1, negative energy resistance 1, screaming 1, electricity resistance,
unbreathing, petrification resistance, rot immunity, AC +9
a: Minor Destruction, Lesser Servant of Makhleb, Major Destruction, Greater
Servant of Makhleb, Renounce Religion, Evoke Berserk Rage


You were on level 6 of the Lair of Beasts.
You worshipped Makhleb.
Makhleb was extremely pleased with you.
You were near starving.

You visited 3 branches of the dungeon, and saw 17 of its levels.
You also visited: Sewer.

You collected 934 gold pieces.

Inventory:

Hand Weapons
 a - a +3 flail of freezing (weapon)
Armour
 c - a +0 shield (worn)
 g - the +0 pair of gloves of the Suburbs (worn) {Int+4 SInv}
   (You found it on level 1 of the Lair of Beasts)

   It affects your intelligence (+4).
   It lets you see invisible.
 j - a +2 cloak (worn)
 u - +0 storm dragon scales (worn)
 A - a +1 pair of boots (worn)
Jewellery
 l - a +4 ring of dexterity (right hand)
 s - the ring of Zucagalask (left hand) {rF++ Str+2 SInv}
   (You found it on level 8 of the Dungeon)

   [ring of see invisible]

   It affects your strength (+2).
   It greatly protects you from fire.
   It lets you see invisible.
 y - an amulet of rage (around neck)
Wands
 q - a wand of teleportation (4/9)
 B - a wand of teleportation (1/9)
 E - a wand of slowing (32/48)
Scrolls
 i - 2 scrolls of amnesia
 n - 4 scrolls of teleportation
 p - a scroll of identify
 t - 3 scrolls of fear
 w - 4 scrolls of remove curse
 x - a scroll of fog
 C - a scroll of recharging
Potions
 d - 2 potions of might
 k - 3 potions of curing
 o - 3 potions of invisibility
 r - a potion of flight
 z - 2 potions of haste
 D - a potion of agility
 F - a potion of berserk rage
Books
 e - a book of Misfortune

   Spells                             Type                      Level
   a - Confusing Touch                Hexes                        1
   b - Confuse                        Hexes                        3
   c - Gell's Gravitas                Hexes/Translocation          3
   d - Petrify                        Transmutation/Earth          4
   e - Metabolic Englaciation         Hexes/Ice                    5
   f - Yara's Violent Unravelling     Hexes/Transmutation          5
Comestibles
 b - 8 fruits
 f - 10 bread rations
 h - 4 meat rations
 v - 11 royal jellies


   Skills:
 * Level 11.4 Fighting
 * Level 12.5 Maces & Flails
 * Level 11.2 Armour
 - Level 2.6 Dodging
 - Level 1.3 Stealth
 * Level 12.8 Shields
 + Level 1.6 Spellcasting
 + Level 1.6 Hexes
 - Level 3.2 Evocations


You had 12 spell levels left.
You knew the following spells:

 Your Spells              Type           Power        Failure   Level  Hunger
a - Confuse               Hex            #.......     99%         3    ####...


Dungeon Overview and Level Annotations

Branches:
Dungeon (10/15)            Temple (1/1) D:7            Lair (6/6) D:10
 Shoals (0/4) Lair:2        Snake (0/4) Lair:2          Orc (0/2) D:9
  Slime: Lair:5-6

Altars:
Ashenzari
Cheibriados
Dithmenos
Elyvilon
Fedhas
Gozag
Hepliaklqana
Kikubaaqudgha
Makhleb
Nemelex Xobeh
Okawaru
Qazlal
Ru
Sif Muna
Trog
Uskayaw
Vehumet
Xom
Yredelemnul
Zin
The Shining One

Shops:
D:8 (

Annotations:
Lair:5 exclusion: oklob plant


Innate Abilities, Weirdness & Mutations

You are resistant to torment.
Your stone body is resilient. (AC +9)
You are immune to poison.
You resist negative energy. (rN+)
You are resistant to electric shocks. (rElec)
You can survive without breathing.
You are immune to petrification.
You are immune to rotting.
You are clumsy. (Dex -2)
You occasionally shout uncontrollably at your foes.


Message History

The blink frog misses you. You block the lindwurm's attack.
The lindwurm claws you but does no damage.
You block the lindwurm's attack. You block the yak's attack.
The yak completely misses you. The torpor snail bites you.
* * * LOW HITPOINT WARNING * * *
The yak gores you.
* * * LOW HITPOINT WARNING * * *
You barely miss the lindwurm.
The lindwurm is heavily wounded.
You block the blink frog's attack.
The lindwurm bites you but does no damage.
You block the lindwurm's attack.
The lindwurm claws you but does no damage.
The yak gores you but does no damage. The blink frog hits you!
* * * LOW HITPOINT WARNING * * *
The yak barely misses you. The yak gores you but does no damage.
You completely miss the lindwurm.
The lindwurm is heavily wounded.
The torpor snail bites you!
You die...

###.........##
##..........P...
..................
..................
...................
...................
.......F.........P
......Y@k......P#
......YwY..†..P#
.......Y†..<..##
............P##
.............P#
........$§....#
............FP#
..............#
.........†.<.#


You could see a torpor snail, a lindwurm, 4 yaks and 2 blink frogs.

Vanquished Creatures
  Snorg (Lair:5)
  4 death yaks (Lair:3)
  Sonja (Lair:1)
  Nergalle (Lair:4)
  Pikel (D:7)
  A deep elf mage (D:9)
  Joseph (D:10)
  5 black mambas
  Psyche (D:8)
  4 spiny frogs
  2 rime drakes
  A komodo dragon (Lair:4)
  2 trolls
  A queen bee (D:8)
  A hornet (D:9)
  A two-headed ogre (D:8)
  Grinder (D:6)
  2 blink frogs (Lair:6)
  4 hippogriffs
  Sigmund (D:2)
  2 wyverns
  59 yaks
  Grum (D:8)
  A hungry ghost (D:7)
  Menkaure (D:7)
  9 water moccasins
  7 porcupines
  Duvessa (D:4)
  A slave (D:7)
  4 sky beasts
  Purgy (Sewer)
  5 orc warriors (D:9)
  3 ice beasts
  6 ogres
  2 phantoms
  A necrophage (D:7)
  9 centaurs
  3 wolves (D:8)
  4 crocodiles
  7 big kobolds
  3 gnoll sergeants
  9 bullfrogs
  Dowan (D:4)
  4 scorpions
  17 killer bees
  4 wights (D:7)
  3 howler monkeys (D:8)
  6 crimson imps
  2 bullfrog zombies
  An orc priest (D:4)
  3 hounds
  8 jellies
  3 centaur skeletons
  A bullfrog skeleton (D:4)
  3 iguanas
  6 hell rats (Lair:1)
  Natasha (thrice) (D:3)
  5 orc wizards
  5 worker ants
  A howler monkey zombie (D:6)
  2 worker ant zombies
  Robin (D:2)
  14 gnolls
  A river rat (D:4)
  10 adders
  15 oozes
  2 adder skeletons
  A worm (D:2)
  2 dart slugs
  6 leopard geckos
  27 orcs
  10 bats
  8 giant cockroaches
  6 hobgoblins
  8 jackals
  28 kobolds
  5 quokkas
  2 ball pythons (D:4)
  A frilled lizard (D:1)
  11 goblins
  A leopard gecko skeleton (D:5)
  12 rats
  15 plants (D:5)
439 creatures vanquished.

Vanquished Creatures (collateral kills)
  A hound (D:7)
  A centaur skeleton (D:7)
  A shadow imp (D:7)
3 creatures vanquished.

Vanquished Creatures (others)
  A slave (D:7)
  A wight (D:7)
  A kobold (D:5)
  6 fungi
  5 plants (D:5)
14 creatures vanquished.

Grand Total: 456 creatures vanquished

Notes
Turn   | Place    | Note
-------+----------+-------------------------------------------
     0 | D:1      | JeffiDaFish the Gargoyle Fighter began the quest for the Orb.
     0 | D:1      | Reached XP level 1. HP: 14/14 MP: 1/1
    27 | D:1      | Reached XP level 2. HP: 19/19 MP: 2/2
    80 | D:1      | Gained mutation: You are clumsy. (Dex -2) [potion of mutation]
    80 | D:1      | Gained mutation: You occasionally shout uncontrollably at your foes. [potion of mutation]
   329 | D:1      | Reached XP level 3. HP: 20/23 MP: 3/3
   941 | D:2      | Reached skill level 5 in Maces & Flails
   941 | D:2      | Reached XP level 4. HP: 32/32 MP: 4/4
   970 | D:2      | Noticed Sigmund
   986 | D:2      | Killed Sigmund
   986 | D:2      | Reached XP level 5. HP: 36/37 MP: 5/5
   986 | D:2      | Reached XP level 6. HP: 41/42 MP: 6/6
  1312 | D:2      | Noticed Robin
  1339 | D:2      | Killed Robin
  1657 | D:3      | Reached skill level 1 in Dodging
  1800 | D:3      | Noticed Natasha
  1806 | D:3      | Killed Natasha
  1940 | D:3      | Noticed Natasha
  1945 | D:3      | Killed Natasha
  2014 | D:3      | Noticed Natasha
  2021 | D:3      | Killed Natasha
  2058 | D:4      | Reached XP level 7. HP: 42/47 MP: 7/7
  2416 | D:4      | Noticed Duvessa
  2418 | D:4      | Noticed Dowan
  2429 | D:4      | Killed Dowan
  2455 | D:4      | Killed Duvessa
  2501 | D:4      | Found an ancient bone altar of Kikubaaqudgha.
  2639 | D:4      | Found a glowing drain.
  2649 | Sewer    | Entered a sewer
  2687 | Sewer    | Noticed Purgy
  2708 | Sewer    | Killed Purgy
  3063 | D:5      | Entered Level 5 of the Dungeon
  3075 | D:5      | Reached XP level 8. HP: 48/53 MP: 8/8
  4558 | D:6      | Reached XP level 9. HP: 54/57 MP: 9/9
  4737 | D:6      | Noticed Grinder
  4748 | D:6      | Paralysed by Grinder for 3 turns
  4765 | D:6      | Paralysed by Grinder for 7 turns
  4773 | D:6      | Killed Grinder
  5134 | D:7      | Found a stormy altar of Qazlal.
  5205 | D:7      | Found a shattered altar of Ashenzari.
  5308 | D:7      | Found a shimmering altar of Xom.
  5308 | D:7      | Found a shimmering altar of Xom.
  5309 | D:7      | Found a shimmering altar of Xom.
  5309 | D:7      | Found a shimmering altar of Xom.
  5309 | D:7      | Found a shimmering altar of Xom.
  5346 | D:7      | Noticed Pikel
  5389 | D:7      | Killed Pikel
  5389 | D:7      | Reached XP level 10. HP: 64/64 MP: 10/10
  5429 | D:7      | Reached skill level 1 in Stealth
  5458 | D:7      | Found a snail-covered altar of Cheibriados.
  5463 | D:7      | Found a hide-covered altar of Uskayaw.
  5468 | D:7      | Noticed Menkaure
  5478 | D:7      | Killed Menkaure
  5559 | D:7      | Found a staircase to the Ecumenical Temple.
  5564 | Temple   | Entered the Ecumenical Temple
  5903 | D:7      | Found a burning altar of Makhleb.
  5913 | D:7      | Became a worshipper of Makhleb the Destroyer
  5992 | D:8      | Got an encrusted shortbow
  5993 | D:8      | Identified the +8 shortbow "Wokk" {venom, rPois SInv} (You found it on level 8 of the Dungeon)
  6174 | D:8      | Reached * piety under Makhleb
  6291 | D:8      | Found Faprapleq's Antique Weapon Emporium.
  6334 | D:8      | Noticed Psyche
  6391 | D:8      | Killed Psyche
  6391 | D:8      | Reached skill level 10 in Shields
  6583 | D:8      | Noticed Grum
  6606 | D:8      | Killed Grum
  6618 | D:8      | Reached skill level 10 in Maces & Flails
  6799 | D:8      | Got a scorched tin ring
  6801 | D:8      | Identified the ring of Zucagalask {rF++ Str+2 SInv} (You found it on level 8 of the Dungeon)
  7107 | D:9      | Reached XP level 11. HP: 48/69 MP: 11/11
  7216 | D:9      | Noticed a deep elf mage
  7225 | D:9      | Killed a deep elf mage
  7319 | D:9      | Reached ** piety under Makhleb
  7530 | D:9      | Found a staircase to the Orcish Mines.
  7795 | D:10     | Entered Level 10 of the Dungeon
  8012 | D:10     | Reached *** piety under Makhleb
  8175 | D:10     | Found a staircase to the Lair.
  8364 | D:10     | Noticed Joseph
  8381 | D:10     | Killed Joseph
  8689 | Lair:1   | Entered Level 1 of the Lair of Beasts
  8839 | Lair:1   | Got a pair of smoking gloves
  8850 | Lair:1   | Identified the +0 pair of gloves of the Suburbs {Int+4 SInv} (You found it on level 1 of the Lair of Beasts)
  9120 | Lair:1   | Reached XP level 12. HP: 74/77 MP: 12/12
  9186 | Lair:1   | Noticed Sonja
  9223 | Lair:1   | Killed Sonja
  9512 | Lair:2   | Reached skill level 10 in Fighting
  9597 | Lair:2   | Reached skill level 1 in Evocations
  9675 | Lair:2   | Found a staircase to the Shoals.
  9679 | Lair:2   | Reached **** piety under Makhleb
  9811 | Lair:2   | Found a staircase to the Snake Pit.
  9955 | Lair:2   | Reached skill level 10 in Armour
 10583 | Lair:3   | Noticed a death yak
 10583 | Lair:3   | Noticed a death yak
 10584 | Lair:3   | Noticed a death yak
 10585 | Lair:3   | Noticed a death yak
 10627 | Lair:3   | Killed a death yak
 10632 | Lair:3   | Killed a death yak
 10645 | Lair:3   | Killed a death yak
 10662 | Lair:3   | Killed a death yak
 11286 | Lair:4   | Noticed Nergalle
 11299 | Lair:4   | Killed Nergalle
 11299 | Lair:4   | Reached XP level 13. HP: 84/84 MP: 15/15
 11450 | Lair:4   | Learned a level 3 spell: Confuse
 12076 | Lair:5   | Reached skill level 1 in Spellcasting
 12081 | Lair:5   | Reached skill level 1 in Hexes
 12231 | Lair:5   | Reached ***** piety under Makhleb
 12321 | Lair:5   | Noticed Snorg
 12335 | Lair:5   | Killed Snorg
 12686 | Lair:6   | Entered Level 6 of the Lair of Beasts
 12735 | Lair:6   | Slain by a torpor snail

Skill      XL: |  1  2  3  4  5  6  7  8  9 10 11 12 13 |
---------------+----------------------------------------+-----
Shields        | 6 7 8 9 10 11 12 | 12.8
Fighting       | 6 7 8 9 11 | 11.4
Maces & Flails | 5 6 7 8 10 11 12 | 12.5
Armour         | 6 7 8 9 10 11 | 11.2
Dodging        | 1 2 |  2.6
Stealth        | 1 |  1.3
Evocations     | 2 3 |  3.2
Spellcasting   | 1 |  1.6
Hexes          | 1 |  1.6

Action                   |  1- 3 |  4- 6 |  7- 9 | 10-12 | 13-15 || total
-------------------------+-------+-------+-------+-------+-------++-------
Melee: Flail             |   153 |   112 |   728 |  1050 |   269 ||  2312
 Abil: Evoke Berserk Rag |       |       |       |       |     2 ||     2
  Use: Potion            |     7 |     3 |     1 |     4 |     1 ||    16
       Scroll            |     3 |     4 |     7 |     8 |     2 ||    24
 Stab: Distracted        |       |       |     1 |       |       ||     1
       Invisible         |       |       |       |     1 |       ||     1
  Eat: Chunk             |     1 |     3 |    12 |    19 |     5 ||    40
       Royal jelly       |       |       |     1 |       |       ||     1
       Fruit             |       |       |     1 |       |       ||     1
       Beef jerky        |       |       |     1 |       |       ||     1
       Pizza             |       |       |       |     1 |       ||     1
Armor: Scale mail        |    91 |    34 |    12 |       |       ||   137
       Chain mail        |       |       |   272 |   307 |       ||   579
       Skin              |       |       |     8 |       |       ||     8
       Plate armour      |       |       |       |   283 |    57 ||   340
       Storm dragon scal |       |       |       |       |   135 ||   135
Dodge: Dodged            |    48 |    30 |   134 |   342 |   129 ||   683
Block: Shield            |    70 |    49 |   309 |   730 |   231 ||  1389
